 Dungeon Crawl Stone Soup version 0.31-a0-700-gf13585253f (webtiles) character file.

Game seed: 9563069255517918684

1451 freelancePsychic the Trooper (level 8, -4/73 HPs)
             Began as a Minotaur Conjurer on Sept 7, 2023.
             Was a Follower of Cheibriados.
             Succumbed to a scorpion's poison
             ... on level 6 of the Dungeon.
             The game lasted 00:06:37 (4975 turns).

freelancePsychic the Trooper (Minotaur Conjurer)    Turns: 4975, Time: 00:06:38

Health: -4/73      AC:  6    Str: 16    XL:     8   Next: 47%
Magic:  9/9        EV:  9    Int: 17    God:    Cheibriados [*.....]
Gold:   244        SH:  0    Dex: 11    Spells: 8/9 levels left

rFire   . . .        s - +1 hand axe (elec)
rCold   . . .        (no shield)
rNeg    . . .        l - +0 scale mail
rPois   .            (helmet restricted)
rElec   .            (no cloak)
rCorr   .            (no gloves)
SInv    .            (no boots)
Will    .....        (no amulet) Stlth
                     (no ring)
HPRegen 0.32/turn    (no ring)
MPRegen 0.11/turn

%: no passive effects
@: lethally poisoned (-4 -> -35), attractive, very slow
A: horns 2, retaliatory headbutt
a: Renounce Religion, Bend Time


You were on level 6 of the Dungeon.
You worshipped Cheibriados.
Cheibriados was aware of your devotion.
You visited 1 branch of the dungeon, and saw 6 of its levels.

You collected 244 gold pieces.

Inventory:

Hand Weapons
 e - a +0 hand axe
 r - a +0 flail
 s - a +1 hand axe of electrocution (weapon)
 x - a +0 war axe
Missiles
 k - 3 curare-tipped darts (quivered)
Armour
 a - a +0 robe
 c - a +0 leather armour
 l - a +0 scale mail (worn)
Jewellery
 d - a ring of fire
 D - a ring of wizardry
Talismans
 m - a blade talisman
Wands
 I - a wand of quicksilver (12)
Scrolls
 g - 2 scrolls of identify {@r1}
 i - 2 scrolls of blinking
 p - a scroll of noise
 t - a scroll of immolation
 u - a scroll of amnesia
 v - a scroll of poison
 w - 2 scrolls of fear
 y - a scroll of fog
 B - a scroll of silence
 F - a scroll of enchant weapon
 G - a scroll of butterflies
 H - 4 scrolls of teleportation {@r4}
 J - 2 scrolls of revelation {unknown}
Potions
 b - a potion of magic
 f - a potion of enlightenment {unknown}
 h - 2 potions of mutation {unknown}
 j - a potion of lignification
 n - a potion of brilliance
 o - a potion of heal wounds {unknown}
 q - a potion of cancellation
 z - a potion of curing {unknown}
 A - a potion of ambrosia {unknown}
 C - 2 potions of resistance {unknown}
 E - a potion of attraction
 K - a potion of might {unknown}


   Skills:
 + Level 7.2 Fighting
 + Level 6.5 Axes
 - Level 4.6 Throwing
 - Level 2.1 Dodging
 - Level 1.5 Stealth
 - Level 1.3 Spellcasting
 - Level 2.9 Conjurations
 + Level 3.4 Invocations
 - Level 0.9 Shapeshifting


You had 8 spell levels left.
You knew the following spells:

 Your Spells              Type           Power      Damage    Failure   Level
a - Magic Dart            Conj           44%        1d5       24%         1

Your spell library contained the following spells:

 Spells                   Type           Power      Damage    Failure   Level
 Searing Ray              Conj           22%        2d5       34%         2
 Apportation              Tloc           2%         N/A       61%         1
 Ensorcelled Hibernation  Hex/Ice        2%         N/A       75%         2
 Jinxbite                 Hex            2%         N/A       75%         2
 Passwall                 Tmut/Erth      0%         N/A       75%         2
 Dazzling Flash           Conj/Hex       12%        N/A       77%         3
 Swiftness                Air            1%         N/A       93%         3
 Fulminant Prism          Conj/Hex       3%         3d5       99%         4
 Iskenderun's Mystic Bla  Conj/Tloc      6%         2d4       99%         4
 Anguish                  Hex/Necr       0%         N/A       100%        4
 Cause Fear               Hex            0%         N/A       100%        4
 Alistair's Intoxication  Tmut/Pois      0%         N/A       100%        5
 Enfeeble                 Hex            0%         N/A       100%        7


Dungeon Overview and Level Annotations

Branches:
Dungeon (6/15)             Temple (0/1) D:6

Altars:
Cheibriados
Qazlal
Zin

Shops:
D:2 *


Innate Abilities, Weirdness & Mutations

You have a pair of horns on your head.
You reflexively headbutt those who attack you in melee.


Message History

You feel very sick. The scorpion stings you.
You hit the scorpion but do no damage. Your headbutt misses the scorpion.
The scorpion is heavily wounded.
You feel sick. The scorpion stings you.
You are more poisoned.
The scorpion poisons you!
You hit the scorpion.
The scorpion is severely wounded.
You feel very sick. The scorpion stings you.
* * * LOW HITPOINT WARNING * * *
You are lethally poisoned!
The scorpion poisons you!
You barely miss the scorpion. You headbutt the scorpion.
The scorpion is almost dead.
* * * LOW HITPOINT WARNING * * *
You feel very sick.
The scorpion stings you but does no damage.
It was a potion of attraction.
You feel attractive to monsters.
* * * LOW HITPOINT WARNING * * *
You feel very sick. The scorpion stings you.
* * * LOW HITPOINT WARNING * * *
The scorpion stings you.
* * * LOW HITPOINT WARNING * * *
You are more poisoned.
The scorpion poisons you!
It was a potion of brilliance.
You feel clever all of a sudden.
* * * LOW HITPOINT WARNING * * *
You feel very sick. The scorpion stings you.
* * * LOW HITPOINT WARNING * * *
It was a potion of cancellation.
Your magical effects are unravelling.
You feel magically purged.
You feel a little less clever now.
You die...

.# #.### .... ## ...
#. .. #. .#
######.##.#.##..
........@s......
.####.#.#..$#.##+# #
#.#...#.##.#
#.#...#.##.## #
#.#...#.#...# #
#.#...#.#.[.# # ###
#.#####.#...# # ..
#.......###'#######
#..######.............


You could see a scorpion.

Vanquished Creatures
  A water moccasin (D:6)
  An ice beast (D:6)
  A sky beast (D:6)
  An ogre (D:5)
  2 phantoms (D:4)
  3 bullfrogs
  2 scorpions (D:6)
  A jelly (D:6)
  3 hounds
  An orc priest (D:6)
  Terence (D:2)
  3 orc wizards
  3 iguanas
  11 adders
  2 shadow imps (D:6)
  A white imp (D:6)
  2 ufetubi (D:5)
  3 worms
  5 dart slugs
  27 orcs
  5 ball pythons
  6 bats
  5 endoplasms
  3 giant cockroaches
  7 goblins
  3 hobgoblins
  4 quokkas
  7 frilled lizards
  7 kobolds
  5 rats
126 creatures vanquished.

Notes
Turn   | Place    | Note
-------+----------+-------------------------------------------
     0 | D:1      | freelancePsychic the Minotaur Conjurer began the quest for
                  | the Orb.
     0 | D:1      | Reached XP level 1. HP: 14/14 MP: 1/1
    96 | D:1      | Reached skill level 1 in Fighting
   206 | D:1      | Reached XP level 2. HP: 24/24 MP: 3/3
   234 | D:1      | Reached skill level 2 in Fighting
   347 | D:1      | Reached skill level 1 in Axes
   435 | D:1      | Found a faded altar of an unknown god.
   782 | D:2      | Noticed Terence
   788 | D:2      | Killed Terence
   789 | D:2      | Reached skill level 1 in Throwing
   789 | D:2      | Reached XP level 3. HP: 30/30 MP: 4/4
  1184 | D:2      | Reached XP level 4. HP: 35/37 MP: 5/5
  1253 | D:2      | Found Nofiec's General Store.
  1425 | D:2      | Reached skill level 3 in Fighting
  1982 | D:3      | Reached XP level 5. HP: 39/39 MP: 6/6
  2896 | D:4      | Reached XP level 6. HP: 52/52 MP: 7/7
  2927 | D:4      | Reached skill level 4 in Fighting
  3372 | D:5      | Entered Level 5 of the Dungeon
  3503 | D:5      | Found a stormy altar of Qazlal.
  3583 | D:5      | Reached XP level 7. HP: 54/60 MP: 8/8
  3612 | D:5      | Found a snail-covered altar of Cheibriados.
  3816 | D:5      | Reached skill level 5 in Fighting
  3963 | D:5      | Became a worshipper of Cheibriados the Contemplative
  4066 | D:5      | Found a glowing silver altar of Zin.
  4135 | D:6      | Reached skill level 5 in Axes
  4247 | D:6      | Reached skill level 1 in Invocations
  4309 | D:6      | Reached skill level 6 in Fighting
  4491 | D:6      | Reached XP level 8. HP: 62/71 MP: 9/9
  4534 | D:6      | Found a staircase to the Ecumenical Temple.
  4683 | D:6      | Reached * piety under Cheibriados
  4793 | D:6      | Reached skill level 7 in Fighting
  4974 | D:6      | HP: 2/73 [poisoned by a scorpion]
  4975 | D:6      | Succumbed to a scorpion's poison

Illustrated notes

Levels and vault maps discovered:
D:1:      dpeg_arrival_shelter, layout_basic,
          chequers_ecumenical_altar_simple_redux
D:2:      layout_loops_ring, serial_shops, shop, minmay_small_reverse_x,
          uniq_terence
D:3:      layout_basic, kennysheep_pointless_box
D:4:      layout_rooms
D:5:      layout_rooms, zin_scriptorium, cheibriados_altar_1,
          mainiacjoe_overflow_cross_hatched
D:6:      layout_basic, minmay_temple_entry_trees, hex_intersection,
          kennysheep_generic_room_4

Skill      XL: |  1  2  3  4  5  6  7  8 |
---------------+-------------------------+-----
Fighting       | 1 2 3 4 6 7 |  7.2
Axes           | 1 2 3 5 6 |  6.5
Throwing       | 1 2 3 4 |  4.6
Invocations    | 2 3 |  3.4
Dodging        | |  2.1
Stealth        | |  1.5
Spellcasting   | |  1.3
Conjurations   | |  2.9
Shapeshifting  | |  0.9

Action                     |  1- 3 |  4- 6 |  7- 9 || total
---------------------------+-------+-------+-------++-------
  Melee: Unarmed           |    15 |       |       ||    15
         Hand axe          |    71 |   182 |   110 ||   363
         Headbutt          |    11 |    18 |    16 ||    45
         Punch             |       |     1 |       ||     1
  Throw: Dart              |     1 |     1 |     3 ||     5
  Evoke: Wand              |       |       |     1 ||     1
    Use: Scroll            |       |     9 |     2 ||    11
         Potion            |       |     1 |     3 ||     4
   Stab: Sleeping          |       |     1 |       ||     1
 Armour: Leather armour    |    33 |       |       ||    33
         Scale mail        |    31 |   135 |    95 ||   261
         Skin              |       |    28 |       ||    28
  Dodge: Dodged            |    67 |    89 |    31 ||   187

Table legend: (Time is in decaauts)
 A = Elapsed time spent in this place.
 B = Non-inter-level travel time spent in this place.
 C = Inter-level travel time spent in this place.
 D = Time resting spent in this place.
 E = Time spent auto-exploring this place.
 F = Levels seen in this place.
 G = Mean time per level.
                   A        B        C        D        E       F      G
               +--------+--------+--------+--------+--------+-----+--------+
         Total |   5183 |   4908 |    275 |     61 |   3940 |   6 |  863.8 |
       Dungeon |   5183 |   4908 |    275 |     61 |   3940 |   6 |  863.8 |
               +--------+--------+--------+--------+--------+-----+--------+

Top non-repeatable levels by time:
     D:2: 1091 daAuts
     D:6: 982 daAuts
     D:3: 878 daAuts
     D:1: 787 daAuts
     D:5: 783 daAuts
     D:4: 661 daAuts
